| TOP OF THE 1ST |
|
Southern Maryland Blue Crabs batting - Pitching for York Revolution : LHP Shirou Yoshida
|
|
Pitching: LHP Shirou Yoshida
|
|
|
Batting: RHB Kevin Popowicz
|
0-0: Foul Ball, location: 2F 0-1: Ball 1-1: Called Strike 1-2: Foul Ball, location: 2F 1-2: Ball 2-2: Ball 3-2: Foul Ball, location: 2F 3-2: Base on Balls
|
|
Batting: LHB Xue-liang Zhou
|
0-0: Called Strike Kevin Popowicz steals 2nd base (no throw) 0-1: Called Strike 0-2: Strikes out looking
|
|
Batting: RHB Maup Gommers
|
0-0: Ball 1-0: Foul Ball, location: 2F 1-1: Called Strike 1-2: Ball 2-2: Fly out, F9 (Flyball, 9S, EV 88.8 MPH)
|
|
Batting: RHB Jonathan Mendoza
|
0-0: Ball 1-0: Called Strike 1-1: Foul Ball, location: 2F 1-2: Ball 2-2: Strikes out looking
|
| Top of the 1st over - 0 runs, 0 hits, 0 errors, 1 left on base; Southern Maryland 0 - York 0 |
| BOTTOM OF THE 1ST |
|
York Revolution batting - Pitching for Southern Maryland Blue Crabs : RHP Bruce Yeager
|
|
Pitching: RHP Bruce Yeager
|
|
|
Batting: LHB Jonathan Roman
|
0-0: Ball 1-0: Called Strike 1-1: Called Strike 1-2: Ground out 5-3 (Groundball, 56, EV 101.9 MPH)
|
|
Batting: RHB Juan Valadez
|
0-0: Foul Ball, location: 2F 0-1: Ball 1-1: Ball 2-1: SINGLE (Line Drive, 8LS, EV 113.8 MPH)
|
|
Batting: RHB Jose Corral
|
0-0: Ball 1-0: SINGLE (Groundball, 6MD, EV 106.2 MPH) Juan Valadez to second
|
|
Batting: LHB Eric Farren
|
0-0: Called Strike 0-1: Foul Ball, location: 2F 0-2: Ball 1-2: Ground out 5-3 (Groundball, 56S, EV 66.2 MPH) Juan Valadez to third Jose Corral to second
|
|
Batting: RHB Eddie Serna
|
0-0: Ground out 6-3 (Groundball, 6S, EV 84.4 MPH)
|
| Bottom of the 1st over - 0 runs, 2 hits, 0 errors, 2 left on base; Southern Maryland 0 - York 0 |
| TOP OF THE 2ND |
|
Southern Maryland Blue Crabs batting - Pitching for York Revolution : LHP Shirou Yoshida
|
|
Batting: SHB Eric Kelley
|
0-0: Ball 1-0: Called Strike 1-1: Ball 2-1: Ball 3-1: Foul Ball, location: 2F 3-2: Base on Balls
|
|
Batting: LHB Chris Cohen
|
0-0: Ball 1-0: Called Strike 1-1: Ball 2-1: Called Strike 2-2: Strikes out swinging
|
|
Batting: RHB Ruben Domingues
|
0-0: Ball 1-0: Swinging Strike 1-1: Grounds into double play, 6-4-3 (Groundball, 6M, EV 103.1 MPH)
|
| Top of the 2nd over - 0 runs, 0 hits, 0 errors, 0 left on base; Southern Maryland 0 - York 0 |
| BOTTOM OF THE 2ND |
|
York Revolution batting - Pitching for Southern Maryland Blue Crabs : RHP Bruce Yeager
|
|
Batting: RHB Dave Gallegos
|
0-0: Called Strike 0-1: Swinging Strike 0-2: Ball 1-2: Ball 2-2: Strikes out swinging
|
|
Batting: RHB Ivan Barrientos
|
0-0: Swinging Strike 0-1: Foul Ball, location: 2F 0-2: Strikes out swinging
|
|
Batting: RHB Simon Mergeni
|
0-0: Called Strike 0-1: Foul Ball, location: 2F 0-2: Ball 1-2: Ball 2-2: Ground out U3 (Groundball, 34S, EV 88.8 MPH)
|
| Bottom of the 2nd over - 0 runs, 0 hits, 0 errors, 0 left on base; Southern Maryland 0 - York 0 |
| TOP OF THE 3RD |
|
Southern Maryland Blue Crabs batting - Pitching for York Revolution : LHP Shirou Yoshida
|
|
Batting: LHB Edwin Cabral
|
0-0: Swinging Strike 0-1: Swinging Strike 0-2: Strikes out looking
|
|
Batting: RHB Han Caspers
|
0-0: Bunted foul 0-1: Foul Ball, location: 2F 0-2: Strikes out swinging
|
|
Batting: RHB Kevin Popowicz
|
0-0: Called Strike 0-1: Foul Ball, location: 2F 0-2: Ball 1-2: Ball 2-2: Ball 3-2: Base on Balls
|
|
Batting: LHB Xue-liang Zhou
|
0-0: Called Strike Kevin Popowicz steals 2nd base (no throw) 0-1: Ball 1-1: Called Strike 1-2: Ground out 3-1 (Groundball, 34, EV 77.5 MPH)
|
| Top of the 3rd over - 0 runs, 0 hits, 0 errors, 1 left on base; Southern Maryland 0 - York 0 |
| BOTTOM OF THE 3RD |
|
York Revolution batting - Pitching for Southern Maryland Blue Crabs : RHP Bruce Yeager
|
|
Batting: RHB Alexis Graciani
|
0-0: Ball 1-0: Foul Ball, location: 2F 1-1: Ball 2-1: Foul Ball, location: 2F 2-2: Foul Ball, location: 2F 2-2: Ball 3-2: Base on Balls
|
|
Batting: LHB Jonathan Roman
|
0-0: Foul Ball, location: 2F 0-1: Called Strike 0-2: Ball 1-2: Ball 2-2: Ball 3-2: Strikes out swinging
|
|
Batting: RHB Juan Valadez
|
0-0: Called Strike 0-1: Foul Ball, location: 2F 0-2: Strikes out swinging
|
|
Batting: RHB Jose Corral
|
0-0: Ball 1-0: SINGLE (Line Drive, 4MD, EV 97.5 MPH) Alexis Graciani to second
|
|
Batting: LHB Eric Farren
|
0-0: Ball 1-0: Ball 2-0: Ball 3-0: Base on Balls Alexis Graciani to third Jose Corral to second
|
|
Batting: RHB Eddie Serna
|
0-0: Ball 1-0: Foul Ball, location: 2F 1-1: Called Strike 1-2: Ball 2-2: Fly out, F6 (Popup, 6S, EV 68.8 MPH)
|
| Bottom of the 3rd over - 0 runs, 1 hit, 0 errors, 3 left on base; Southern Maryland 0 - York 0 |
| TOP OF THE 4TH |
|
Southern Maryland Blue Crabs batting - Pitching for York Revolution : LHP Shirou Yoshida
|
|
Batting: RHB Maup Gommers
|
0-0: Called Strike 0-1: Fly out, F9 (Flyball, 9LM, EV 90.6 MPH)
|
|
Batting: RHB Jonathan Mendoza
|
0-0: Foul Ball, location: 2F 0-1: Called Strike 0-2: Strikes out swinging
|
|
Batting: SHB Eric Kelley
|
0-0: Ball 1-0: Called Strike 1-1: Ball 2-1: Foul Ball, location: 2F 2-2: Strikes out swinging
|
| Top of the 4th over - 0 runs, 0 hits, 0 errors, 0 left on base; Southern Maryland 0 - York 0 |
| BOTTOM OF THE 4TH |
|
York Revolution batting - Pitching for Southern Maryland Blue Crabs : RHP Bruce Yeager
|
|
Batting: RHB Dave Gallegos
|
0-0: SOLO HOME RUN (Flyball, 7LD, EV 95.0 MPH), Distance : 325 ft
|
|
Batting: RHB Ivan Barrientos
|
0-0: Swinging Strike 0-1: Ball 1-1: Ball 2-1: Swinging Strike 2-2: Strikes out swinging
|
|
Batting: RHB Simon Mergeni
|
0-0: Foul Ball, location: 2F 0-1: Ball 1-1: Called Strike 1-2: Ground out 4-3 (Groundball, 4, EV 84.4 MPH)
|
|
Batting: RHB Alexis Graciani
|
0-0: SINGLE (Groundball, 6MD, EV 98.1 MPH)
|
|
Batting: LHB Jonathan Roman
|
0-0: Called Strike 0-1: Ball 1-1: Ground out 6-3 (Groundball, P, EV 86.9 MPH)
|
| Bottom of the 4th over - 1 run, 2 hits, 0 errors, 1 left on base; Southern Maryland 0 - York 1 |
| TOP OF THE 5TH |
|
Southern Maryland Blue Crabs batting - Pitching for York Revolution : LHP Shirou Yoshida
|
|
Batting: LHB Chris Cohen
|
0-0: Fly out, F7 (Flyball, 7, EV 93.8 MPH)
|
|
Batting: RHB Ruben Domingues
|
0-0: Fly out, F9 (Flyball, 89M, EV 82.5 MPH)
|
|
Batting: LHB Edwin Cabral
|
0-0: Ground out 5-3 (Groundball, 56S, EV 68.8 MPH)
|
| Top of the 5th over - 0 runs, 0 hits, 0 errors, 0 left on base; Southern Maryland 0 - York 1 |
| BOTTOM OF THE 5TH |
|
York Revolution batting - Pitching for Southern Maryland Blue Crabs : RHP Bruce Yeager
|
|
Batting: RHB Juan Valadez
|
0-0: Foul Ball, location: 2F 0-1: Called Strike 0-2: Ball 1-2: Ball 2-2: Foul Ball, location: 2F 2-2: Ball 3-2: Foul Ball, location: 2F 3-2: Base on Balls
|
|
Batting: RHB Jose Corral
|
0-0: Called Strike 0-1: Grounds into double play, 6-4-3 (Groundball, 6, EV 85.0 MPH)
|
|
Batting: LHB Eric Farren
|
0-0: Ball 1-0: Ball 2-0: Foul Ball, location: 2F 2-1: Called Strike 2-2: Ball 3-2: Fly out, F2 (Popup, 25F, EV 88.1 MPH)
|
| Bottom of the 5th over - 0 runs, 0 hits, 0 errors, 0 left on base; Southern Maryland 0 - York 1 |
| TOP OF THE 6TH |
|
Southern Maryland Blue Crabs batting - Pitching for York Revolution : LHP Shirou Yoshida
|
|
Batting: RHB Han Caspers
|
0-0: Called Strike 0-1: Foul Ball, location: 2F 0-2: Foul Ball, location: 2F 0-2: Ball 1-2: Strikes out swinging
|
|
Batting: RHB Kevin Popowicz
|
0-0: Foul Ball, location: 2F 0-1: Ball 1-1: Called Strike 1-2: Ball 2-2: SINGLE (Groundball, 6MD, EV 95.0 MPH)
|
|
Batting: LHB Xue-liang Zhou
|
0-0: Ball 1-0: Ball 2-0: Ball 3-0: Called Strike 3-1: Fly out, F8 (Line Drive, 78M, EV 94.4 MPH)
|
|
Pitching: RHP Hugo Rodriguez
|
|
|
Batting: RHB Maup Gommers
|
0-0: Ball Kevin Popowicz steals 2nd base (no throw) 1-0: Called Strike 1-1: Ground out 4-3 (Groundball, 4, EV 98.8 MPH)
|
| Top of the 6th over - 0 runs, 1 hit, 0 errors, 1 left on base; Southern Maryland 0 - York 1 |
| BOTTOM OF THE 6TH |
|
York Revolution batting - Pitching for Southern Maryland Blue Crabs : RHP Bruce Yeager
|
|
Pitching: RHP Justin Swanson
|
|
|
Batting: RHB Eddie Serna
|
0-0: Called Strike 0-1: Called Strike 0-2: Ball 1-2: Ball 2-2: Strikes out swinging
|
|
Batting: RHB Dave Gallegos
|
0-0: Foul Ball, location: 2F 0-1: Swinging Strike 0-2: Ball 1-2: Ball 2-2: Strikes out looking
|
|
Batting: RHB Ivan Barrientos
|
0-0: Called Strike 0-1: Foul Ball, location: 2F 0-2: Ball 1-2: Fly out, F7 (Flyball, 7, EV 83.8 MPH)
|
| Bottom of the 6th over - 0 runs, 0 hits, 0 errors, 0 left on base; Southern Maryland 0 - York 1 |
| TOP OF THE 7TH |
|
Southern Maryland Blue Crabs batting - Pitching for York Revolution : RHP Hugo Rodriguez
|
|
Batting: RHB Jonathan Mendoza
|
0-0: Fly out, F3 (Line Drive, 34, EV 65.0 MPH)
|
|
Batting: SHB Eric Kelley
|
0-0: Ball 1-0: Ball 2-0: Ball 3-0: Called Strike 3-1: Called Strike 3-2: SINGLE (Line Drive, 34D, EV 95.0 MPH)
|
|
Batting: LHB Chris Cohen
|
0-0: Ball 1-0: Ball 2-0: Ball 3-0: Called Strike 3-1: Swinging Strike 3-2: Foul Ball, location: 2F 3-2: Foul Ball, location: 2F 3-2: Foul Ball, location: 2F 3-2: Foul Ball, location: 2F 3-2: Base on Balls Eric Kelley to second
|
|
Pinch Hitting: LHB Pat Fontana
|
0-0: Ball 1-0: Called Strike 1-1: Foul Ball, location: 2F 1-2: SINGLE (Flyball, 5D, EV 93.1 MPH) Eric Kelley to third Chris Cohen to second
|
|
Pinch Hitting: RHB Alfredo Reguera
|
0-0: Ball 1-0: Ball 2-0: Ball 3-0: Base on Balls Eric Kelley scores Chris Cohen to third Pat Fontana to second
|
|
Batting: RHB Han Caspers
|
0-0: Called Strike 0-1: Ball 1-1: Ball 2-1: Fly out, F7 (Flyball, 7, EV 73.1 MPH) Runner from 3rd tags up, OUT at HOME! 7-2
|
| Top of the 7th over - 1 run, 2 hits, 0 errors, 2 left on base; Southern Maryland 1 - York 1 |
| BOTTOM OF THE 7TH |
|
York Revolution batting - Pitching for Southern Maryland Blue Crabs : RHP Justin Swanson
|
|
Now at 2B: Maup Gommers
|
|
|
Now at SS: Ivan Alvarez
|
|
|
Now in CF: Taylor Plummer
|
|
|
Batting: RHB Simon Mergeni
|
0-0: Called Strike 0-1: Ball 1-1: SINGLE (Line Drive, 89S, EV 106.9 MPH)
|
|
Batting: RHB Alexis Graciani
|
0-0: Ball 1-0: Called Strike 1-1: Called Strike 1-2: Ball 2-2: Foul Ball, location: 2F 2-2: Strikes out looking
|
|
Batting: LHB Jonathan Roman
|
0-0: Foul Ball, location: 2F 0-1: Called Strike Simon Mergeni is caught stealing 2nd base 2-6 0-2: Ball 1-2: Strikes out swinging
|
| Bottom of the 7th over - 0 runs, 1 hit, 0 errors, 0 left on base; Southern Maryland 1 - York 1 |
| TOP OF THE 8TH |
|
Southern Maryland Blue Crabs batting - Pitching for York Revolution : RHP Hugo Rodriguez
|
|
Batting: RHB Kevin Popowicz
|
0-0: Swinging Strike 0-1: Called Strike 0-2: Ball 1-2: Strikes out swinging
|
|
Batting: LHB Xue-liang Zhou
|
0-0: Ball 1-0: Ground out 5-3 (Groundball, 56, EV 88.1 MPH)
|
|
Batting: RHB Maup Gommers
|
0-0: Ball 1-0: Called Strike 1-1: Ball 2-1: SOLO HOME RUN (Flyball, 9D, EV 98.1 MPH), Distance : 348 ft
|
|
Batting: RHB Jonathan Mendoza
|
0-0: Ball 1-0: Fly out, F8 (Flyball, 8RD, EV 83.8 MPH)
|
| Top of the 8th over - 1 run, 1 hit, 0 errors, 0 left on base; Southern Maryland 2 - York 1 |
| BOTTOM OF THE 8TH |
|
York Revolution batting - Pitching for Southern Maryland Blue Crabs : RHP Justin Swanson
|
|
Batting: RHB Juan Valadez
|
0-0: Ball 1-0: Ball 2-0: Ball 3-0: Called Strike 3-1: Foul Ball, location: 2F 3-2: Strikes out looking
|
|
Batting: RHB Jose Corral
|
0-0: Called Strike 0-1: Ball 1-1: Ball 2-1: Swinging Strike 2-2: SINGLE (Line Drive, 8LS, EV 105.0 MPH)
|
|
Batting: LHB Eric Farren
|
0-0: Called Strike 0-1: Ball 1-1: Called Strike 1-2: SINGLE (Line Drive, 34, EV 98.8 MPH) Jose Corral to second
|
|
Pitching: RHP Harold Price
|
|
|
Pinch Hitting: SHB Dana Guthrie
|
0-0: Called Strike 0-1: Ball 1-1: Foul Ball, location: 2F 1-2: Ball 2-2: Reached on error, E3 (Groundball, 34S, EV 89.4 MPH) Jose Corral to third Eric Farren to second
|
|
Batting: RHB Dave Gallegos
|
0-0: Called Strike 0-1: Ball 1-1: Ball 2-1: Foul Ball, location: 2F 2-2: Strikes out looking
|
|
Pinch Hitting: RHB Victor Arias
|
0-0: Ball 1-0: Ball 2-0: Ball 3-0: Base on Balls Jose Corral scores Eric Farren to third Dana Guthrie to second
|
|
Batting: RHB Simon Mergeni
|
0-0: Ball 1-0: Ball 2-0: Ball 3-0: Base on Balls Eric Farren scores Dana Guthrie to third Victor Arias to second
|
|
Pinch Hitting: RHB Joel Gomez
|
0-0: Fly out, F8 (Flyball, 89S, EV 82.5 MPH)
|
| Bottom of the 8th over - 2 runs, 2 hits, 1 error, 3 left on base; Southern Maryland 2 - York 3 |
| TOP OF THE 9TH |
|
Southern Maryland Blue Crabs batting - Pitching for York Revolution : RHP Hugo Rodriguez
|
|
Pitching: RHP Bobby Acevedo
|
|
|
Now at 1B: Dana Guthrie
|
|
|
Now at 3B: Victor Arias
|
|
|
Now in RF: Steve DeRienzo
|
|
|
Batting: SHB Eric Kelley
|
0-0: SINGLE (Groundball, 3D, EV 94.4 MPH)
|
|
Batting: LHB Chris Cohen
|
0-0: Ball 1-0: Ball 2-0: Foul Ball, location: 2F 2-1: Foul Ball, location: 2F 2-2: Ball 3-2: Fielders Choice at 2nd, 4-6 (Groundball, 4, EV 90.6 MPH)
|
|
Pinch Hitting: RHB Simon Van Steenwyk
|
0-0: Ball 1-0: Foul Ball, location: 2F 1-1: Ball 2-1: Swinging Strike 2-2: Foul Ball, location: 2F 2-2: Ball 3-2: Foul Ball, location: 2F 3-2: Foul Ball, location: 2F 3-2: SINGLE (Groundball, 6MD, EV 100.0 MPH) Chris Cohen to second
|
|
Pinch Hitting: SHB Carlos Carrillo
|
0-0: Called Strike 0-1: Ball 1-1: Ball 2-1: Foul Ball, location: 2F 2-2: Strikes out swinging
|
|
Pinch Hitting: LHB Jeremy Nuzzo
|
0-0: Ground out U3 (Groundball, 3, EV 81.2 MPH)
|
| Top of the 9th over - 0 runs, 2 hits, 0 errors, 2 left on base; Southern Maryland 2 - York 3 |
|